 Dungeon Crawl Stone Soup version 0.16-a0-2040-g47efe85 (webtiles) character file.

182 Sientara the Poker (level 5, 0/41 HPs)
             Began as a Salamander Gladiator on Nov 13, 2014.
             Killed from afar by an orc wizard (12 damage)
             ... with a puff of frost
             ... on level 3 of the Dungeon.
             The game lasted 00:09:23 (1810 turns).

Sientara the Poker (Salamander Gladiator)           Turns: 1810, Time: 00:09:23

Health: 0/41       AC:  6    Str: 14    XL:     5   Next: 35%
Magic:  7/7        EV: 12    Int:  8    God:
Gold:   165        SH:  0    Dex: 16    Spells: 0 memorised, 4 levels left

rFire  . . .     SeeInvis .     a - +0 trident (curse)
rCold  x . .     Clarity  .     b - +0 leather armour
rNeg   . . .     SustAb   .     (no shield)
rPois  .         Gourm    .     c - +0 helmet
rElec  .         Spirit   .     (no cloak)
rCorr  .         Warding  .     (no gloves)
rMut   +         Stasis   .     (no barding)
MR     .....                    j - amulet of resist mutation
Stlth  ++........               (no ring)
                                (no ring)

@: not resistant to hostile enchantments, unstealthy
A: fiery attack, tough skin 2, cold vulnerability 1
a: no special abilities


You were on level 3 of the Dungeon.
You were not hungry.

You visited 1 branch of the dungeon, and saw 3 of its levels.

You collected 165 gold pieces.

Inventory:

Hand weapons
 a - a cursed +0 trident (weapon)
Missiles
 d - 3 throwing nets (quivered)
Armour
 b - a +0 leather armour (worn)
 c - a +0 helmet (worn)
Jewellery
 g - an uncursed ring of fire
 j - an amulet of resist mutation (around neck)
Scrolls
 e - 3 scrolls of identify {unknown}
 h - 2 scrolls of blinking {unknown}
 m - a scroll of enchant armour {unknown}
 n - 3 scrolls of random uselessness {unknown}
 o - 3 scrolls of teleportation {unknown}
 q - 4 scrolls of remove curse {unknown}
 r - a scroll of magic mapping {unknown}
 t - a scroll of fog {unknown}
Potions
 p - a potion of beneficial mutation {unknown}
 u - a potion of might {unknown}
 v - 3 potions of curing {unknown}
Books
 x - a book of Control

   Spells                             Type                      Level
   Control Teleport                   Charms/Translocation         4
   Control Undead                     Necromancy                   4
   Enslavement                        Hexes                        4
   Metabolic Englaciation             Hexes/Ice                    5
   Mass Confusion                     Hexes                        6
Comestibles
 f - 4 bread rations
 i - 2 fruits
 k - a meat ration
 l - a beef jerky
 s - a slice of pizza


   Skills:
 - Level 2.1 Fighting
 * Level 5.8 Polearms
 - Level 1.7 Throwing
 - Level 3.0 Dodging
 + Level 3.3 Stealth


You had 4 spell levels left.
You didn't know any spells.

Dungeon Overview and Level Annotations

Branches:
Dungeon (3/15)

Altars:
Fedhas


Innate Abilities, Weirdness & Mutations

You cannot wear boots.
You have very tough skin (AC +2).
You are vulnerable to cold.


Message History

The orc wizard misses you.
You barely miss the orc wizard.
The orc wizard is heavily wounded.
The orc wizard hits you with a dagger.
All of the chunks of flesh in your inventory have rotted away.
You hit the orc wizard but do no damage.
The orc wizard is heavily wounded.
The orc wizard hits you but does no damage.
You hit the orc wizard.
The orc wizard is almost dead.
The orc wizard hits you with a dagger.
You miss the orc wizard.
The orc wizard is severely wounded.
The orc wizard hits you with a dagger.
* * * LOW HITPOINT WARNING * * *
You closely miss the orc wizard.
The orc wizard is severely wounded.
The orc wizard points at you and mumbles some strange words.
The puff of frost hits you!
You feel a terrible chill!
You die...

#.................
##................)
###...........#...... .
#...........##..####. #..
#. #........#..## #.
#..##.##..........######.
##....#..................
#.......##<^........#####
...####.)@o..#.....(.#
##..####.........#
####..## ###....).##
#.$..## ##.......##
#.....#### #......†..#
#....# #.........# ......
#..#.......# .o...
#####.....## .o.. ##...##


You could see an orc wizard.

Vanquished Creatures
  An orc wizard (D:3)
  An orc priest (D:3)
  Jessica (D:2)
  6 adders
  A worm (D:2)
  A giant gecko (D:2)
  2 oozes
  5 orcs (D:3)
  3 bats
  A giant cockroach (D:1)
  7 goblins
  5 hobgoblins
  4 jackals (D:1)
  2 quokkas (D:3)
  2 ball pythons
  A giant newt (D:1)
  5 kobolds
  8 rats
56 creatures vanquished.

Vanquished Creatures (others)
  An orc (D:3)
1 creature vanquished.

Grand Total: 57 creatures vanquished

Notes
Turn   | Place    | Note
--------------------------------------------------------------
     0 | D:1      | Sientara, the Salamander Gladiator, began the quest for the Orb.
     0 | D:1      | Reached XP level 1. HP: 17/17 MP: 1/1
   330 | D:1      | Reached XP level 2. HP: 19/24 MP: 3/3
   501 | D:1      | Reached skill level 4 in Polearms
   527 | D:1      | Reached skill level 1 in Stealth
   858 | D:2      | Reached XP level 3. HP: 29/29 MP: 4/4
   959 | D:2      | Found a blossoming altar of Fedhas.
  1008 | D:2      | Noticed Jessica
  1013 | D:2      | Killed Jessica
  1115 | D:2      | Reached XP level 4. HP: 36/36 MP: 5/5
  1131 | D:2      | Reached skill level 5 in Polearms
  1602 | D:3      | Reached XP level 5. HP: 33/41 MP: 7/7
  1810 | D:3      | Killed from afar by an orc wizard

Action                   |  1- 3 |  4- 6 || total
-------------------------+-------+-------++-------
Melee: Trident           |   141 |    95 ||   236
 Stab: Sleeping          |     1 |     1 ||     2
  Eat: Chunk             |     1 |     2 ||     3
